Cogmind - Beta 16 @@@ ROGUE MODE // 2026.02.05 @ 04:52:19 Player: Peregrine Result: Self-destructed Performance ------------- Evolutions (8) 4000 Regions Visited (25) 5000 Robots Destroyed (295) 1475 Value Destroyed (9555) 9555 Prototype IDs (73) 1460 Alien Tech Used (0) 0 Bonus (7818) 7818 TOTAL SCORE: 29308 Bonus ------- Triggered Max Security 1000 High Alert Combat Kills 1315 Follower Combat Kills 2654 Aligned with FarCom 300 Met Data Miner 300 Built Enhanced Grunts 300 A7 Reached Mainframe 300 Met R17 at Cetus 500 Met R17 at Research 2000 Friendly Fire -851 Cogmind --------- Core Integrity 1431/1450 Matter 285/300 Energy 100/100 System Corruption 4% Temperature Cool (0) Movement Hovering (228) Ox1 Location -2/Research Parts ------- > --- POWER (2) -------- (None) > --- PROPULSION (5) --- Hovering Antigrav-FC Exoskeleton > --- UTILITY (10) ----- Armored Scrap Engine Experimental Power Amplifier Large Storage Unit Experimental Optical Array Advanced Targeting Computer > --- WEAPON (6) ------- Compact HERF Cannon Hpw. Thermal Neutron Construct/G > --- INVENTORY (15) --- Advanced Heat Sink Compact Battery (200) Advanced Energy Well (500) Large Matter Pod (150) Recoil Stabilizer Advanced Reaction Control System Advanced Thermal Shield Advanced Hardlight Generator Advanced Force Field Advanced Point Defense System Impact Mace Peak State ------------ > --- POWER ------------ Particle-Antimatter Reactor > --- PROPULSION ------- Hovering Antigrav-FC Exoskeleton > --- UTILITY ---------- Armored Scrap Engine Coolant Network Large Storage Unit Enhanced Optical Array Advanced Targeting Computer Quantum Router > --- WEAPON ----------- Thermal Dispersion Construct/C Hpw. Directed Neutralizer Construct/G Thermic Nova Construct/C Ballistic HMG Construct/G Hpw. Thermal Neutron Construct/G Impact Mace > --- INVENTORY -------- Experimental Power Amplifier Advanced Heat Sink Compact Battery Advanced Energy Well Large Matter Pod Armor Integrity Analyzer Recoil Stabilizer Advanced Reaction Control System Advanced Thermal Shield Advanced Hardlight Generator Advanced Force Field Advanced Point Defense System Proton Missile Launcher Advanced Remote Datajack [Rating: 145] Favorites ----------- Power Constructs Engine Reinforced Ion Engine Power Core Nuclear Core Reactor Constructs Propulsion Constructs Treads Armored Treads Leg Aluminum Leg Hover Unit Constructs Flight Unit Flying Fortress v7 Utility Large Storage Unit Device Armored Scrap Engine Storage Large Storage Unit Processor Enhanced Optical Array Hackware Hacking Suite Protection Centrium Light Armor Plating Weapon Constructs Energy Gun Constructs Energy Cannon Constructs Ballistic Gun Constructs Ballistic Cannon Constructs Launcher Improved Grenade Launcher Special Weapon Improved Plasma Cutter Impact Weapon Impact Mace Build | -11 -10 -10 -9 -9 -9 -8 -8 -8 -8 -6 -6 -6 -6 -5 -5 -5 -5 -4 -4 -4 -4 -4 -3 -3 -2 ------- Run | Yrd Mat Min Mat Min Exi Min Mat Sto Rec Fac Low Low Dat Pro Fac Upp Upp Fac Ext Cet Arc Hub Res Tes Res Slots Evolved 16 | . . . 2 . . . 2 . . 4 . . . . 2 . . 2 . . . . 2 . 2 Power 1 | . . . . . . . . . . 1 . . . . . . . . . . . . . . . Propulsion 3 | . . . . . . . 2 . . . . . . . 1 . . . . . . . . . . Utility 8 | . . . 2 . . . . . . 1 . . . . 1 . . 2 . . . . . . 2 Weapon 4 | . . . . . . . . . . 2 . . . . . . . . . . . . 2 . . Parts Attached 113 | . 14 . 21 2 . 2 12 25 2 5 3 2 1 2 3 2 . 6 3 . . . 5 1 2 Power 12 | . 2 . 1 . . . 2 3 . 1 1 . . . . . . 2 . . . . . . . Engine 5 | . 2 . 1 . . . 1 1 . . . . . . . . . . . . . . . . . Core 6 | . . . . . . . 1 2 . 1 . . . . . . . 2 . . . . . . . Reactor 1 | . . . . . . . . . . . 1 . . . . . . . . . . . . . . Propulsion 20 | . 3 . 5 . . 1 1 9 . . . . . . . . . 1 . . . . . . . Treads 9 | . . . 3 . . . . 6 . . . . . . . . . . . . . . . . . Leg 5 | . 3 . 1 . . 1 . . . . . . . . . . . . . . . . . . . Wheel . | . . . . . . . . . . . . . . . . . . . . . . . . . . Hover 3 | . . . . . . . . 2 . . . . . . . . . 1 . . . . . . . Flight 3 | . . . 1 . . . 1 1 . . . . . . . . . . . . . . . . . Utility 44 | . 2 . 8 2 . . 3 3 2 3 2 2 1 1 3 1 . 3 2 . . . 5 1 . Device 22 | . 1 . 2 2 . . 3 1 2 1 1 1 . 1 1 1 . 1 2 . . . 2 . . Storage 5 | . . . 2 . . . . . . 1 . . . . . . . 1 . . . . 1 . . Processor 9 | . . . 2 . . . . . . 1 1 1 . . 1 . . 1 . . . . 1 1 . Hackware 5 | . 1 . 1 . . . . . . . . . 1 . 1 . . . . . . . 1 . . Protection 3 | . . . 1 . . . . 2 . . . . . . . . . . . . . . . . . Artifact . | . . . . . . . . . . . . . . . . . . . . . . . . . . Weapon 37 | . 7 . 7 . . 1 6 10 . 1 . . . 1 . 1 . . 1 . . . . . 2 Energy Gun 16 | . 3 . 4 . . . 3 5 . . . . . . . . . . . . . . . . 1 Energy Cannon 2 | . . . 1 . . . . . . . . . . . . . . . . . . . . . 1 Ballistic Gun 12 | . 3 . 2 . . . 1 5 . . . . . . . 1 . . . . . . . . . Ballistic Cannon . | . . . . . . . . . . . . . . . . . . . . . . . . . . Launcher 5 | . 1 . . . . 1 2 . . . . . . 1 . . . . . . . . . . . Special Weapon 1 | . . . . . . . . . . . . . . . . . . . 1 . . . . . . Impact Weapon 1 | . . . . . . . . . . 1 . . . . . . . . . . . . . . . Slashing Weapon . | . . . . . . . . . . . . . . . . . . . . . . . . . . Piercing Weapon . | . . . . . . . . . . . . . . . . . . . . . . . . . . Special Melee Weapon . | . . . . . . . . . . . . . . . . . . . . . . . . . . Unidentified Prototypes 24 | . . . 4 . . . 3 10 1 . . . 1 . . . . . . . . . 3 1 1 Parts Lost 28 | . 1 . 2 . . 1 2 2 . . 1 . 3 . 1 . . . 2 . . 3 2 5 3 Power 6 | . . . . . . . 1 1 . . 1 . 1 . . . . . . . . . . 1 1 Propulsion 4 | . . . 1 . . 1 . . . . . . 1 . . . . . . . . . . 1 . Utility 5 | . . . 1 . . . 1 . . . . . . . . . . . 1 . . 1 . . 1 Weapon 13 | . 1 . . . . . . 1 . . . . 1 . 1 . . . 1 . . 2 2 3 1 Highest Loss Streak 5 | . 1 . 2 . . 1 1 1 . . 1 . 3 . 1 . . . 1 . . 1 2 5 3 To Critical Strikes 1 | . . . . . . . 1 . . . . . . . . . . . . . . . . . . Average Backups 12 | . 7 8 11 15 12 11 12 14 11 10 14 14 13 14 14 14 15 13 14 14 14 13 13 12 12 Power . | . 1 2 2 2 2 2 1 1 1 . . . . . . . . . . . . . . . . Propulsion 1 | . 3 2 4 7 5 3 2 1 1 . . . . . . . . . . . . . . . . Utility 7 | . . 1 . . . 1 3 3 3 8 12 12 11 12 12 11 11 10 11 12 12 12 11 11 10 Weapon 3 | . 2 3 4 6 5 5 6 7 6 2 2 2 2 1 1 2 3 2 2 2 2 1 1 1 1 Tool/Special . | . . . . . . . . . . . . . . . . . . . . . . . . . . Unused Backups 39 | . 8 . 5 . 1 . 1 3 2 . 1 1 . 1 1 1 . 1 . . . . 4 . 9 Power 3 | . 2 . 1 . . . . . . . . . . . . . . . . . . . . . . Propulsion 7 | . 5 . . . . . . 2 . . . . . . . . . . . . . . . . . Utility 19 | . 1 . 1 . . . . . . . 1 1 . 1 1 1 . 1 . . . . 2 . 9 Weapon 8 | . . . 3 . 1 . 1 1 2 . . . . . . . . . . . . . . . . Tool/Special 2 | . . . . . . . . . . . . . . . . . . . . . . . 2 . . Average Slot Usage (%) 75 | . 97 100 98 100 100 98 71 93 85 61 68 66 64 62 52 54 52 67 67 63 63 63 59 46 36 Engine 5 | . 13 14 11 11 11 11 8 6 8 6 3 5 6 6 4 . . . . . . . . . . Core 1 | . . . . . . . . 2 . 1 2 . . . . 5 5 6 3 1 . . . . . Treads 6 | . . . 6 22 22 11 . 23 20 . . . . . . . . . . . 5 5 . . . Leg 5 | . 28 28 15 . . 8 . . 3 . 3 6 6 . . . . . 2 2 . . 2 . . Hover 1 | . . . . . . . . 5 3 4 . . . 4 . 1 5 9 1 1 . . . . 2 Device 11 | . . . 11 11 11 11 8 9 9 8 9 12 11 9 10 9 11 14 19 21 21 20 10 9 8 Storage 7 | . 14 14 11 11 11 11 9 9 9 6 6 6 6 6 5 5 5 5 5 5 5 5 4 4 4 Processor 3 | . . . 3 . . . . . . 2 8 6 3 . . 5 5 10 6 5 5 5 8 9 8 Hackware 7 | . 10 14 11 22 22 22 18 10 5 . . . 1 6 10 6 5 5 5 5 5 5 4 . . Protection 2 | . . . 4 . . . . 7 9 6 1 . 2 3 . . . . . . . . . . . Energy Gun 11 | . 13 . 13 11 11 11 14 9 17 4 7 19 11 6 2 6 5 7 9 5 5 9 3 . 5 Energy Cannon 1 | . . . . 11 11 . . . . . . . 6 8 7 1 . . . 8 10 3 1 3 . Ballistic Gun 3 | . 13 28 7 . . . . 8 . 2 1 . . . . 2 . 3 4 . . 2 10 3 . Ballistic Cannon 1 | . . . . . . . . . . 11 9 . . . . 2 5 2 5 1 . . 2 3 . Peak Build Rating 145 | . 13 13 22 24 26 24 60 56 58 78 82 79 87 85 87 92 81 120 121 133 133 125 145 137 120 Average Rating 68 | . 10 13 18 22 25 23 55 46 49 65 77 76 78 79 80 83 81 107 113 125 128 117 130 130 102 On Entrance 67 | 6 6 13 13 22 24 26 24 56 48 51 77 76 76 74 78 87 81 81 119 119 129 125 112 139 97 Avg Prop Armor Cover (%) 4 | . . . 11 11 . 11 31 1 4 . . . . . . . . . . . . . . . . Naked Turns . | . . . . . . . . . . . . . . . . . . . . . . . . . . Heaviest Build 94 | 13 21 21 40 38 37 36 38 40 40 53 62 54 57 50 47 49 44 65 92 92 92 92 94 63 59 Greatest Support 137 | 20 20 20 40 40 40 20 50 80 85 85 77 88 88 66 49 48 48 60 112 137 130 130 137 65 52 Greatest Overweight (x) 11 | . 1 1 1 1 . 3 11 4 2 1 . . . 1 . 1 . 1 2 1 . . 1 . 1 Average Overweight (x) . | . . 1 . . . 2 . . . . . . . . . . . . . . . . . . . Largest Inventory Capacity 15 | . 8 8 15 15 15 15 15 15 15 15 15 15 15 15 15 15 15 15 15 15 15 15 15 15 15 Average Capacity 14 | . 8 8 13 15 15 15 15 15 15 15 15 15 15 15 15 15 15 15 15 15 15 15 15 15 15 Most Carried 15 | . 8 8 15 15 15 15 15 15 15 15 15 15 14 15 15 15 15 15 15 14 14 14 15 13 14 Average Carried 13 | . 7 8 11 15 14 14 12 14 11 10 14 14 13 14 14 14 15 13 14 14 14 13 13 12 12 Final Capacity 15 | 8 8 8 15 15 15 15 15 15 15 15 15 15 15 15 15 15 15 15 15 15 15 15 15 15 15 Final Carried 15 | 6 8 8 15 15 15 14 15 15 8 15 15 14 14 15 15 15 15 14 14 14 14 13 13 13 11 Scrap Engine Consumption 408 | . . . . . . . . . 64 23 19 17 1 8 19 11 . 19 95 19 3 39 63 8 . Constructs Created 15 | . . . . . . . . . 4 1 . . . 1 1 1 . . 2 . . 2 2 . 1 Constructs Modified 160 | . . . . . . . . . 19 14 10 8 . 2 4 9 . 3 45 8 3 4 28 . 3 Class Distribution -------------------- 28% | Construct 21% | Hacker-Construct 20% | Mutant 11% | Hacker-Mutant 9% | Commander-Construct 6% | Scavenger-Mutant Dominant Class ---------------- Mutant | -10/Materials Mutant | -10/Mines Scavenger-Mutant | -9/Materials Hacker-Mutant | -9/Mines Hacker-Mutant | -9/Exiles Hacker-Skirmisher | -8/Mines Hacker-Mutant | -8/Materials Mutant | -8/Storage Mutant | -8/Recycling Construct | -6/Factory Construct | -6/Lower Caves Construct | -6/Lower Caves Hacker-Construct | -6/Data Miner Hacker-Construct | -5/Proximity Caves Hacker-Construct | -5/Factory Hacker-Construct | -5/Upper Caves Hacker-Construct | -5/Upper Caves Hacker-Construct | -4/Factory Commander-Construct | -4/Extension Commander-Construct | -4/Cetus Commander-Construct | -4/Archives Hacker-Construct | -4/Hub_04(d) Hacker-Construct | -3/Research Construct | -3/Testing Mutant | -2/Research Resources | -11 -10 -10 -9 -9 -9 -8 -8 -8 -8 -6 -6 -6 -6 -5 -5 -5 -5 -4 -4 -4 -4 -4 -3 -3 -2 ----------- Run | Yrd Mat Min Mat Min Exi Min Mat Sto Rec Fac Low Low Dat Pro Fac Upp Upp Fac Ext Cet Arc Hub Res Tes Res Matter Collected 4754 | 200 266 . 692 20 10 72 405 753 164 92 67 160 . 45 52 95 . 262 747 100 . 173 363 16 . Remotely . | . . . . . . . . . . . . . . . . . . . . . . . . . . Salvage Created 13508 | . 643 . 1481 65 . 197 1086 1731 1696 311 169 545 23 . 144 260 . 505 2067 196 88 1190 927 86 98 Parts 695 | . 38 . 104 4 . 29 67 104 79 20 3 21 2 . 6 11 . 23 82 6 2 51 39 2 2 Haulers Intercepted 22 | . 2 . 6 . . . 4 4 . 1 . . . . . . . 2 2 . . 1 . . . Recyclers Shooed 5 | . 1 . 2 . . . . 1 1 . . . . . . . . . . . . . . . . Parts Field Recycled . | . . . . . . . . . . . . . . . . . . . . . . . . . . Retrieved Matter . | . . . . . . . . . . . . . . . . . . . . . . . . . . Parts Self-Destructed 20 | . . . . . . . . . . . 3 12 . . . 5 . . . . . . . . . Prevented 2 | . . . . . . . . . . . . . . . . 2 . . . . . . . . . Parts Restored . | . . . . . . . . . . . . . . . . . . . . . . . . . . Kills | -11 -10 -10 -9 -9 -9 -8 -8 -8 -8 -6 -6 -6 -6 -5 -5 -5 -5 -4 -4 -4 -4 -4 -3 -3 -2 ------- Run | Yrd Mat Min Mat Min Exi Min Mat Sto Rec Fac Low Low Dat Pro Fac Upp Upp Fac Ext Cet Arc Hub Res Tes Res Combat Hostiles Destroyed 182 | . 11 . 25 1 . 15 23 25 8 2 3 19 . . 1 2 . 2 17 3 1 11 11 1 1 Guns 126 | . 11 . 21 1 . 3 12 25 8 . . 11 . . . 1 . 2 11 1 . 10 9 . . Cannons 14 | . . . . . . . . . . 1 2 4 . . . 1 . . 3 1 1 . 1 . . AOE 39 | . . . 4 . . 12 10 . . 1 1 4 . . . . . . 3 1 . 1 1 1 . Classes Destroyed 22 | . 9 . 3 . . . 2 . 2 1 1 1 . . . . . . 2 . . . 1 . . Worker 16 | . 2 . 4 . . . 1 4 . 1 . . . . 1 . . 1 . . . 2 . . . Builder 18 | . 1 . 1 . . 1 2 3 6 1 . . . . . . . 2 1 . . . . . . Tunneler 4 | . 1 . 1 1 . . . . . . . . . . . . . . . . . 1 . . . Hauler 22 | . 2 . 6 . . . 4 4 . 1 . . . . . . . 2 2 . . 1 . . . Recycler 20 | . 1 . 5 . . . . . 11 1 . . . . . . . . 2 . . . . . . Mechanic 2 | . . . 1 . . . . . . . . . . . . . . . 1 . . . . . . Operator 11 | . 1 . 2 . . . 1 2 . . . . . . 1 . . . 2 . . . 2 . . Watcher 13 | . 3 . 2 . . . 2 2 . . . . . . 1 . . 1 1 . . . 1 . . Swarmer 47 | . 3 . 8 . . 12 3 . . . . 14 . . . . . . 2 . . 3 2 . . Grunt 63 | . 8 . 12 . . 3 11 14 1 . 2 3 . . 1 . . . 2 . . 2 4 . . Brawler 4 | . . . . . . . 1 . . . . . . . . . . . . . . 1 1 1 . Duelist 3 | . . . 1 . . . . . . . . 1 . . . . . . 1 . . . . . . Protector 2 | . . . . . . . . . . . . . . . . . . . 1 . . 1 . . . Sentry 38 | . . . 4 . . . 7 9 3 . . 1 . . . 1 . 2 7 . 1 1 1 . 1 Specialist 2 | . . . . . . . . . . . . . . . . . . . 1 . . 1 . . . Hunter 7 | . . . . . . . 1 2 1 . . . . . . . . . . . . 2 1 . . Programmer 6 | . . . . . . . . . . 2 . . . . . 1 . . 2 . . . 1 . . Behemoth 2 | . . . . . . . . . . . 1 . . . . . . . 1 . . . . . . Cetus Guard 3 | . . . . . . . . . . . . . . . . . . . . 3 . . . . . Enhanced Grunt 3 | . . . . . . . . . . . . . . . . . . . . . . 2 1 . . Executioner 1 | . . . . . . . . . . . . . . . . . . . . . . . 1 . . Scientist 2 | . . . . . . . . . 2 . . . . . . . . . . . . . . . . Scrapper 3 | . . . . . . . . . 3 . . . . . . . . . . . . . . . . Decomposer 1 | . . . . . . . . . . . 1 . . . . . . . . . . . . . . Tinkerer 1 | . . . . . . . . . . . . 1 . . . . . . . . . . . . . Thug 1 | . . . . . . . . . . . . . . . . . . . 1 . . . . . . Savage 1 | . . . . . . . . . . . . . . . . . . . . . . 1 . . . Butcher 1 | . . . . . . . . . . . . . . . . . . . . . . 1 . . . Best Kill Streak 9 | . 7 . 8 1 . 7 9 9 4 2 2 6 1 . 1 1 . 5 4 2 1 9 3 1 1 Combat Bots Only 7 | . 3 . 6 1 . 7 6 5 3 1 2 6 . . 1 1 . 2 4 2 1 3 2 1 1 Max Kills in Single Turn 5 | . 3 . 3 1 . 4 5 3 2 1 1 4 1 . 1 1 . 3 2 1 1 3 1 1 1 Gunslinging 1 | . 1 . . . . . . 1 . . . . . . . . . . . . . . . . . Exploded 4 | . . . 2 . . 3 2 . . 1 1 4 . . . . . . 1 1 . 1 1 1 . Melee . | . . . . . . . . . . . . . . . . . . . . . . . . . . Uniques/NPCs Destroyed 2 | . . . . 1 . . . . . . . . 1 . . . . . . . . . . . . YI-UF0 (-9/Mines) Data Miner (-6/Data Miner) Combat | -11 -10 -10 -9 -9 -9 -8 -8 -8 -8 -6 -6 -6 -6 -5 -5 -5 -5 -4 -4 -4 -4 -4 -3 -3 -2 -------- Run | Yrd Mat Min Mat Min Exi Min Mat Sto Rec Fac Low Low Dat Pro Fac Upp Upp Fac Ext Cet Arc Hub Res Tes Res Hostile Shots Fired 945 | . 55 . 104 8 . 26 103 106 24 . 14 75 20 3 29 16 . 6 78 25 7 45 59 120 22 Missed 341 | . 20 . 29 1 . 11 43 43 7 . 6 17 6 2 24 8 . 3 28 5 3 12 20 45 8 Hits 604 | . 35 . 75 7 . 15 60 63 17 . 8 58 14 1 5 8 . 3 50 20 4 33 39 75 14 Melee 8 | . . . . . . . . . . . . . . . . . . . . . . . 2 4 2 Projectile 596 | . 35 . 75 7 . 15 60 63 17 . 8 58 14 1 5 8 . 3 50 20 4 33 37 71 12 AOE 9 | . . . . 8 . . . . . . . . 1 . . . . . . . . . . . . Critical Strikes 23 | . 3 . . . . . 2 1 1 . . . . . 1 2 . . 3 6 . 2 2 . . Damage Taken 12331 | . 437 . 931 244 . 209 1063 965 388 84 162 854 695 20 182 171 . 94 1017 441 106 765 1248 1876 379 Core 1587 | . 75 . 227 20 . 35 165 116 74 28 . 63 97 . 20 45 . 25 95 24 . 74 22 363 19 Absorbed by Shields 359 | . . . . . . . . . . . . . . . . . . 16 202 141 . . . . . Regen/Repaired (Parts) 2885 | . . . . . . . 12 115 30 60 146 349 . . 37 122 . 109 622 115 41 172 895 . 60 Core Remaining (%) 69 | 100 . 70 . . . 29 . . 35 . . . . 77 . . 93 . . . . 81 . 70 . Volleys Fired 695 | . 55 . 98 6 . 12 64 99 68 15 9 49 . . 10 10 . 19 76 17 8 33 38 1 8 Largest 5 | . 2 . 2 2 . 2 2 2 2 3 3 3 . . 2 3 . 3 4 3 3 4 5 3 3 Hottest 241 | . 90 . 126 129 . 91 122 124 120 130 170 170 . . 146 197 . 131 226 234 179 205 241 116 227 Shots Fired 1614 | . 107 . 187 12 . 19 120 181 132 29 21 93 . . 13 24 . 53 277 43 22 107 155 3 16 Gun 1330 | . 107 . 180 6 . 12 104 181 132 18 9 73 . . 2 16 . 41 204 9 6 84 132 1 13 Cannon 244 | . . . . 6 . . . . . 11 12 19 . . 11 8 . 12 69 34 16 21 20 2 3 Launcher 39 | . . . 7 . . 7 16 . . . . 1 . . . . . . 3 . . 2 3 . . Special 1 | . . . . . . . . . . . . . . . . . . . 1 . . . . . . Kinetic 649 | . 35 . 93 . . . 6 107 . 14 6 . . . 2 20 . 46 193 6 . 21 99 1 . Thermal 839 | . 72 . 87 12 . 12 98 50 99 8 15 92 . . . . . 7 81 37 22 84 53 2 8 Explosive 31 | . . . 7 . . 7 16 . . . . 1 . . . . . . . . . . . . . Electromagnetic 95 | . . . . . . . . 24 33 7 . . . . 11 4 . . 3 . . 2 3 . 8 Robot Hit Streak 32 | . 11 . 15 4 . 7 20 17 13 24 32 11 . . 12 6 . 15 30 6 10 14 15 5 9 Robot Miss Streak 9 | . 6 . 6 1 . 1 7 9 5 4 1 6 . . 1 1 . 1 3 1 1 3 9 . 2 Penetration Max 2 | . . . . . . . 1 1 . . . . . . . . . 1 2 . . 1 1 . 1 Secondary Targets 9 | . 2 . . . . . . 2 . . . . . . . . . 1 . . . 2 2 . . Max Gunslinging Chain 1 | . 1 . . . . . . 1 . . . . . . . . . 1 . . . 1 1 . . Shots Hit Robots 1040 | . 68 . 122 7 . 13 71 116 83 15 17 63 1 . 6 15 . 44 187 30 19 67 81 3 12 Core Hits 609 | . 35 . 85 4 . 21 61 64 44 11 19 59 1 . 3 7 . 14 67 11 4 38 54 5 2 Critical Kills 8 | . . . . . . . . 1 . . . . . . . . . 1 3 . . 2 1 . . Critical Parts Destroyed 8 | . . . . . . . . . . . . . . . . . . 2 1 . . 3 2 . . Critical Strikes 56 | . 3 . 4 . . 1 8 6 3 . . 3 . . . . . 3 12 . . 5 7 . 1 Burn 30 | . 3 . 4 . . 1 8 4 3 . . 3 . . . . . . 1 . . . 3 . . Destroy 18 | . . . . . . . . 1 . . . . . . . . . 3 5 . . 5 4 . . Blast 6 | . . . . . . . . . . . . . . . . . . . 6 . . . . . . Corrupt 2 | . . . . . . . . 1 . . . . . . . . . . . . . . . . 1 Melee Attacks 16 | . . . . . . . . . . 2 . . 2 . 12 . . . . . . . . . . Impact 16 | . . . . . . . . . . 2 . . 2 . 12 . . . . . . . . . . Slashing . | . . . . . . . . . . . . . . . . . . . . . . . . . . Piercing . | . . . . . . . . . . . . . . . . . . . . . . . . . . Sneak Attacks 2 | . . . . . . . . . . . . . 1 . 1 . . . . . . . . . . Combat Hostiles . | . . . . . . . . . . . . . . . . . . . . . . . . . . Follow-up Attacks . | . . . . . . . . . . . . . . . . . . . . . . . . . . Damage Inflicted 31279 | . 1283 . 2256 122 . 842 2453 2853 1832 542 664 1957 92 . 375 422 . 1235 5488 1455 686 2455 2863 1120 284 Guns 19854 | . 912 . 1927 101 . 155 1232 2631 1784 307 130 1355 . . . 263 . 847 3605 169 150 1833 2253 23 177 Cannons 5434 | . . . . 21 . . . . . 153 461 384 . . 231 159 . 308 1303 1128 536 440 131 72 107 Explosions 5811 | . 368 . 329 . . 687 1221 214 48 82 73 218 . . 84 . . 80 563 158 . 182 479 1025 . Melee 152 | . . . . . . . . . . . . . 92 . 60 . . . . . . . . . . Ramming 11 | . 3 . . . . . . 8 . . . . . . . . . . . . . . . . . Kinetic 10384 | . 367 . 899 . . . 115 1202 . 174 157 . . . . 358 . 1041 3751 318 . 326 1653 23 . Thermal 15451 | . 913 . 1063 122 . 155 1117 792 1491 198 507 1739 . . . . . 194 1347 1137 686 1947 779 1097 167 Explosive 2743 | . . . 294 . . 687 1221 . . 82 . 218 . . . . . . . . . . 241 . . Electromagnetic 2538 | . . . . . . . . 851 341 88 . . . . 315 64 . . 390 . . 182 190 . 117 Impact 152 | . . . . . . . . . . . . . 92 . 60 . . . . . . . . . . Slashing . | . . . . . . . . . . . . . . . . . . . . . . . . . . Piercing . | . . . . . . . . . . . . . . . . . . . . . . . . . . Highest Corruption 4 | . . . . . . . . . . . . . . . . 1 1 . . . . . 2 2 4 Average Corruption 1 | . . . . . . . . . . . . . . . . 1 1 . . . . . 1 2 4 Corruption Purged . | . . . . . . . . . . . . . . . . . . . . . . . . . . Corruption Blocked . | . . . . . . . . . . . . . . . . . . . . . . . . . . Effects 11 | . . . . . . . . . . . . . . . . 2 . . . . . . 7 2 . Matter Fused 2 | . . . . . . . . . . . . . . . . . . . . . . . 1 1 . Heat Flow Errors 1 | . . . . . . . . . . . . . . . . . . . . . . . 1 . . Energy Discharges 2 | . . . . . . . . . . . . . . . . 1 . . . . . . 1 . . Data Loss (minor) 4 | . . . . . . . . . . . . . . . . 1 . . . . . . 3 . . Data Loss (major) 2 | . . . . . . . . . . . . . . . . . . . . . . . 1 1 . Overload Shots 55 | . . . . . . . . . . 8 8 36 . . 3 . . . . . . . . . . Effects 3 | . . . . . . . . . . 1 1 1 . . . . . . . . . . . . . Energy Bleed 3 | . . . . . . . . . . 1 1 1 . . . . . . . . . . . . . Overflow Damage 378 | . 93 . . . . . . . . . . 49 . . 20 . . . 82 2 25 8 99 . . Projectiles 93 | . . . . . . . . . . . . 49 . . . . . . 9 2 25 8 . . . Explosions 265 | . 93 . . . . . . . . . . . . . . . . . 73 . . . 99 . . Melee 20 | . . . . . . . . . . . . . . . 20 . . . . . . . . . . Knockbacks 16 | . . . . . . . . . . 5 5 . . . . 1 . 1 4 . . . . . . Impact . | . . . . . . . . . . . . . . . . . . . . . . . . . . Kinetic 15 | . . . . . . . . . . 5 5 . . . . 1 . 1 3 . . . . . . Secondary 1 | . . . . . . . . . . . . . . . . . . . 1 . . . . . . Self-Inflicted Damage 682 | . . . 149 . . 37 35 . 32 84 . . . . 86 . . 34 . . . . 132 93 . Shots 14 | . . . 3 . . 3 1 . 1 1 . . . . 2 . . 1 . . . . 1 1 . Rammed 1 | . . . . . . . . 1 . . . . . . . . . . . . . . . . . Targets Rammed 2 | . 1 . . . . . . 1 . . . . . . . . . . . . . . . . . Kicked 1 | . 1 . . . . . . . . . . . . . . . . . . . . . . . . Crushed . | . . . . . . . . . . . . . . . . . . . . . . . . . . Highest Temperature 393 | . 162 . 393 30 . 171 281 272 102 84 223 350 . . 76 186 . 10 268 . . . 56 . 36 Average Temperature 63 | . 34 . 60 14 . 61 80 61 25 38 102 115 . . 30 98 . 6 92 . . . 56 . 24 Received Heat Transfer 2315 | . 240 . 231 . . 54 342 378 148 . 12 144 12 9 66 9 . 9 172 . 9 99 78 267 36 Effects 2 | . . . 1 . . . . . . . . 1 . . . . . . . . . . . . . Shutdowns 1 | . . . 1 . . . . . . . . . . . . . . . . . . . . . . Energy Bleed 1 | . . . . . . . . . . . . 1 . . . . . . . . . . . . . Siege Activations . | . . . . . . . . . . . . . . . . . . . . . . . . . . Martial Activations . | . . . . . . . . . . . . . . . . . . . . . . . . . . Shielding Activations . | . . . . . . . . . . . . . . . . . . . . . . . . . . Robots Disrupted 2 | . . . . . . . . . 1 . . . . . . . . . 1 . . . . . . Combat Hostiles 1 | . . . . . . . . . . . . . . . . . . . 1 . . . . . . Robots Corrupted 3 | . . . . . . . . . . . . . . . 2 . . . . . . . . . 1 Combat Hostiles 2 | . . . . . . . . . . . . . . . 1 . . . . . . . . . 1 Parts Fried 14 | . . . . . . . . 5 3 . . . . . 3 . . . 2 . . . . . 1 Impact Corruptions 1 | . . . . . . . . . . . . . . . 1 . . . . . . . . . . Robots Melted 1 | . . . . . . . 1 . . . . . . . . . . . . . . . . . . Combat Hostiles 1 | . . . . . . . 1 . . . . . . . . . . . . . . . . . . Parts Melted 23 | . 2 . 3 . . . 9 2 2 . . 3 . . . . . . . . . . 1 . 1 Heat Transferred 20313 | . 1801 . 2351 259 . 407 2886 1582 2594 200 530 3265 . . . . . 150 1129 322 185 832 1126 694 . Parts Sabotaged . | . . . . . . . . . . . . . . . . . . . . . . . . . . Parts Stolen . | . . . . . . . . . . . . . . . . . . . . . . . . . . Parts Stripped . | . . . . . . . . . . . . . . . . . . . . . . . . . . Power Chain Reactions 13 | . . . . . . . . 4 1 . 1 . . . . . . 1 3 1 . . 1 1 . Alert | -11 -10 -10 -9 -9 -9 -8 -8 -8 -8 -6 -6 -6 -6 -5 -5 -5 -5 -4 -4 -4 -4 -4 -3 -3 -2 ------- Run | Yrd Mat Min Mat Min Exi Min Mat Sto Rec Fac Low Low Dat Pro Fac Upp Upp Fac Ext Cet Arc Hub Res Tes Res Maximum Alert Level 5 | . . . 1 . . 1 2 2 . . . . . . 1 . . . 4 3 2 4 3 5 4 Low Security (%) 55 | . 100 100 64 100 . 66 24 32 100 100 . . . . 74 . . 100 25 . . 8 . . . Level 1 13 | . . . 35 . . 33 5 54 . . . . . . 25 . . . 12 . 2 11 . . . Level 2 14 | . . . . . . . 69 13 . . . . . . . . . . 34 . 97 12 24 . . Level 3 14 | . . . . . . . . . . . . . . . . . . . 21 100 . 45 75 . 82 Level 4 1 | . . . . . . . . . . . . . . . . . . . 5 . . 21 . . 17 Level 5 . | . . . . . . . . . . . . . . . . . . . . . . . . . . High Security . | . . . . . . . . . . . . . . . . . . . . . . . . . . Max Security . | . . . . . . . . . . . . . . . . . . . . . . . . 99 . Peak Influence 1644 | . 187 18 342 120 . 282 612 427 144 71 . . . . 274 . . 63 1295 914 573 1448 886 1644 1122 Initial 1100 | . . 18 . 120 . . 90 230 130 66 . . . . 40 . . . 11 716 349 172 756 441 1100 Average 310 | . 97 2 178 26 . 182 415 284 25 16 . . . . 107 . . 15 532 829 511 813 769 1594 1074 Influence Increases 10285 | . 401 . 920 5 . 392 916 872 320 225 70 430 20 105 391 55 . 133 2037 408 234 1544 651 54 102 Destroy 0b10 Robot/C 4600 | . 220 . 500 . . 300 460 500 100 40 60 380 20 . 20 40 . 40 840 160 80 520 280 20 20 Destroy 0b10 Robot/NC 615 | . 55 . 110 5 . 5 50 80 120 20 . . . . 15 5 . 30 60 10 . 30 20 . . Destroy Leader 878 | . 60 . 136 . . 40 132 152 . 22 10 50 . . 2 10 . 6 94 . . 102 52 . 10 Allied During Kill 1771 | . . . . . . . . . . . . . . . . . . . 773 165 80 612 141 . . Successful Hack 272 | . 11 . 13 . . . 28 10 27 18 . . . . 10 . . . 83 . . . 48 . 24 Select Force Hacks 60 | . . . . . . . . 30 30 . . . . . . . . . . . . . . . . Disable Machine 495 | . 15 . 60 . . . 30 30 30 45 . . . . 60 . . 45 60 15 60 30 15 . . Anti-Garrison Action 150 | . . . . . . . . . . . . . . . . . . . . . . 150 . . . Destroy Structure 719 | . 10 . 71 . . 47 96 25 13 30 . . . . 14 . . 12 112 58 14 100 80 34 3 Advance Influence 50 | . . . . . . . . . . 50 . . . . . . . . . . . . . . . Partial Spotted 45 | . . . . . . . 15 15 . . . . . . 15 . . . . . . . . . . Lose Combat Pursuer 630 | . 30 . 30 . . . 105 30 . . . . . 105 255 . . . 15 . . . 15 . 45 Influence Decreases 10550 | . 352 49 612 313 . 160 602 1084 613 246 90 430 20 40 214 297 . 110 779 815 615 597 1306 394 812 Entered New Map 4182 | . . 31 . 188 . . 142 316 204 25 8 . . . 25 90 . . 12 565 525 321 684 344 702 Time Decay 5587 | . 342 18 592 125 . 150 440 538 408 221 82 430 10 40 179 207 . 110 567 230 90 206 522 . 80 Lost Part 240 | . 10 . 20 . . 10 20 10 . . . . 10 . 10 . . . 20 . . 30 20 50 30 Lost Ally 321 | . . . . . . . . . 1 . . . . . . . . . 180 20 . 40 80 . . Purge Threat 220 | . . . . . . . . 220 . . . . . . . . . . . . . . . . . Squads Dispatched 41 | . 1 . 4 . . . 2 3 . 1 . . . . 3 . . 2 4 . . 6 6 7 2 Investigation 8 | . . . 1 . . . 1 1 . . . . . . 1 . . . . . . 1 3 . . Extermination 2 | . . . . . . . . . . 1 . . . . 1 . . . . . . . . . . Reinforcement 16 | . 1 . 3 . . . 1 2 . . . . . . 1 . . . 2 . . 2 3 . 1 Assault 14 | . . . . . . . . . . . . . . . . . . 2 2 . . 3 . 7 . Garrison 1 | . . . . . . . . . . . . . . . . . . . . . . . . . 1 Intercept . | . . . . . . . . . . . . . . . . . . . . . . . . . . Searches Triggered . | . . . . . . . . . . . . . . . . . . . . . . . . . . Construction Impeded 6 | . . . . . . . 1 . . . . . . . . . . . 2 . . 2 . . 1 Haulers Reinforced . | . . . . . . . . . . . . . . . . . . . . . . . . . . Active Scanning Responses . | . . . . . . . . . . . . . . . . . . . . . . . . . . Cargo Convoy Interrupts . | . . . . . . . . . . . . . . . . . . . . . . . . . . Stealth | -11 -10 -10 -9 -9 -9 -8 -8 -8 -8 -6 -6 -6 -6 -5 -5 -5 -5 -4 -4 -4 -4 -4 -3 -3 -2 --------- Run | Yrd Mat Min Mat Min Exi Min Mat Sto Rec Fac Low Low Dat Pro Fac Upp Upp Fac Ext Cet Arc Hub Res Tes Res Distress Signals 20 | . 2 . 5 . . . 4 . . . . . . . . . . . 2 2 . 1 4 . . Communications Jammed . | . . . . . . . . . . . . . . . . . . . . . . . . . . Distress Signals . | . . . . . . . . . . . . . . . . . . . . . . . . . . Times Spotted 369 | . 24 . 42 1 . 13 35 32 9 3 3 20 4 4 21 2 . 5 45 10 6 27 35 22 6 Peak Tracking Total 17 | . 5 . 7 1 . 4 8 4 3 1 2 6 4 4 10 1 . 4 6 5 2 6 8 17 7 Tactical Retreats 20 | . 2 . 2 . . . 5 2 . . . . . 2 4 . . . 1 . . . 1 . 1 Traps | -11 -10 -10 -9 -9 -9 -8 -8 -8 -8 -6 -6 -6 -6 -5 -5 -5 -5 -4 -4 -4 -4 -4 -3 -3 -2 ------- Run | Yrd Mat Min Mat Min Exi Min Mat Sto Rec Fac Low Low Dat Pro Fac Upp Upp Fac Ext Cet Arc Hub Res Tes Res Traps Triggered 10 | . 1 . 1 . . . . . . . . . . . . . . 2 4 . . . 1 . 1 Indirectly 1 | . . . . . . . . . . . . . . . . . . . . . . . 1 . . Trap Hack Attempts . | . . . . . . . . . . . . . . . . . . . . . . . . . . Triggered . | . . . . . . . . . . . . . . . . . . . . . . . . . . Disarmed . | . . . . . . . . . . . . . . . . . . . . . . . . . . Reprogrammed . | . . . . . . . . . . . . . . . . . . . . . . . . . . Reused . | . . . . . . . . . . . . . . . . . . . . . . . . . . Traps Extracted . | . . . . . . . . . . . . . . . . . . . . . . . . . . Installed . | . . . . . . . . . . . . . . . . . . . . . . . . . . Triggered . | . . . . . . . . . . . . . . . . . . . . . . . . . . Machines | -11 -10 -10 -9 -9 -9 -8 -8 -8 -8 -6 -6 -6 -6 -5 -5 -5 -5 -4 -4 -4 -4 -4 -3 -3 -2 ---------- Run | Yrd Mat Min Mat Min Exi Min Mat Sto Rec Fac Low Low Dat Pro Fac Upp Upp Fac Ext Cet Arc Hub Res Tes Res Machines Disabled 41 | . 1 . 5 . . . 2 2 3 3 . 1 . . 4 . . 3 7 1 4 3 1 1 . Max in Single Turn 2 | . 1 . 2 . . . 1 1 1 1 . 1 . . 2 . . 1 2 1 . 2 1 1 . Garrison Access 5 | . . . . . . . 1 . . 1 . . . . 1 . . 1 . . . 1 . . . Machines Repaired . | . . . . . . . . . . . . . . . . . . . . . . . . . . Machines Dismantled 1 | . . . . . . . . . . . . . . . . . . . 1 . . . . . . Machines Sabotaged . | . . . . . . . . . . . . . . . . . . . . . . . . . . Overloaded Fab Kills . | . . . . . . . . . . . . . . . . . . . . . . . . . . Hacking | -11 -10 -10 -9 -9 -9 -8 -8 -8 -8 -6 -6 -6 -6 -5 -5 -5 -5 -4 -4 -4 -4 -4 -3 -3 -2 --------- Run | Yrd Mat Min Mat Min Exi Min Mat Sto Rec Fac Low Low Dat Pro Fac Upp Upp Fac Ext Cet Arc Hub Res Tes Res Machines Accessed 86 | . 5 . 9 . 1 . 13 10 8 5 1 1 4 . 2 1 . 3 12 3 1 1 5 . 1 Terminals 63 | . 5 . 9 . . . 10 8 6 4 . . . . 1 . . 2 12 3 . . 2 . 1 Fabricators 1 | . . . . . . . . . . . . . . . . . . 1 . . . . . . . Repair Stations 2 | . . . . . . . 1 1 . . . . . . . . . . . . . . . . . Recycling Units 3 | . . . . . . . . 1 1 . . . . . . . . . . . . . 1 . . Scanalyzers 3 | . . . . . . . 1 . . . . . . . . . . . . . . . 2 . . Garrison Access 4 | . . . . . . . 1 . . 1 . . . . 1 . . . . . . 1 . . . Total Hacks 271 | . 15 . 23 . 1 . 35 28 15 9 1 1 28 . 9 1 . 8 47 14 12 3 20 . 1 Successful 181 | . 10 . 17 . 1 . 29 20 12 3 1 1 28 . 4 1 . 6 20 4 12 . 11 . 1 Failed 89 | . 5 . 6 . . . 5 8 3 6 . . . . 5 . . 2 27 10 . 3 9 . . Catastrophic 16 | . . . . . . . . 1 . 1 . . . . 1 . . . 7 2 . 1 3 . . Database Lockouts 1 | . . . . . . . 1 . . . . . . . . . . . . . . . . . . Manual 143 | . 15 . 23 . 1 . 25 20 13 6 . . . . 4 . . 4 22 1 . . 9 . . Terminals 193 | . 15 . 23 . . . 30 23 12 7 . . . . 6 . . 6 47 14 . . 9 . 1 Fabricators 2 | . . . . . . . . . . . . . . . . . . 2 . . . . . . . Repair Stations 5 | . . . . . . . 1 4 . . . . . . . . . . . . . . . . . Recycling Units 5 | . . . . . . . . 1 1 . . . . . . . . . . . . . 3 . . Scanalyzers 11 | . . . . . . . 3 . . . . . . . . . . . . . . . 8 . . Garrison Access 9 | . . . . . . . 1 . . 2 . . . . 3 . . . . . . 3 . . . Terminal Hacks 83 | . 1 . 2 . 1 . 7 5 3 . 1 1 28 . 1 1 . 2 12 4 12 . 1 . 1 Record 32 | . . . . . . . . . . . . . 11 . 1 . . . 4 4 12 . . . . Part Schematic 9 | . . . . . . . . . . . . . 9 . . . . . . . . . . . . Robot Schematic 5 | . . . . . . . . . . . . . 5 . . . . . . . . . . . . Robot Analysis 2 | . . . . . . . 1 . . . . . . . . . . . 1 . . . . . . Prototype ID Bank 6 | . . . . . . . 1 1 . . . . 3 . . . . . . . . . . . 1 Open Door 8 | . . . . . . . . 1 . . 1 1 . . . 1 . . 4 . . . . . . Open DSF 1 | . . . . . . . . . . . . . . . . . . 1 . . . . . . . Branch Access Points 1 | . . . . . . . 1 . . . . . . . . . . . . . . . . . . Terminal Index 6 | . 1 . 2 . . . 1 . . . . . . . . . . 1 1 . . . . . . Unreport Threat 2 | . . . . . . . . 2 . . . . . . . . . . . . . . . . . Recall Reinforcements 1 | . . . . . . . . . . . . . . . . . . . 1 . . . . . . Hauler Manifests 1 | . . . . . . . 1 . . . . . . . . . . . . . . . . . . Zone Layout 6 | . . . . . . . 2 1 1 . . . . . . . . . 1 . . . 1 . . Proto ID Catalog 1 | . . . . . 1 . . . . . . . . . . . . . . . . . . . . Release Object 2 | . . . . . . . . . 2 . . . . . . . . . . . . . . . . Fabricator Hacks 2 | . . . . . . . . . . . . . . . . . . 2 . . . . . . . Network Status 1 | . . . . . . . . . . . . . . . . . . 1 . . . . . . . Load Schematic 1 | . . . . . . . . . . . . . . . . . . 1 . . . . . . . Repair Station Hacks 4 | . . . . . . . . 4 . . . . . . . . . . . . . . . . . Scan Component 2 | . . . . . . . . 2 . . . . . . . . . . . . . . . . . Repair 2 | . . . . . . . . 2 . . . . . . . . . . . . . . . . . Recycling Unit Hacks . | . . . . . . . . . . . . . . . . . . . . . . . . . . Scanalyzer 9 | . . . . . . . 2 . . . . . . . . . . . . . . . 7 . . Insert Component 3 | . . . . . . . 1 . . . . . . . . . . . . . . . 2 . . Analyze 3 | . . . . . . . 1 . . . . . . . . . . . . . . . 2 . . Retrieve Study 3 | . . . . . . . . . . . . . . . . . . . . . . . 3 . . Garrison Access Hacks 3 | . . . . . . . 1 . . 1 . . . . 1 . . . . . . . . . . Seal Access 3 | . . . . . . . 1 . . 1 . . . . 1 . . . . . . . . . . Unauthorized Hacks 74 | . 9 . 13 . . . 19 8 9 2 . . . . 2 . . 2 8 . . . 2 . . Terminals 71 | . 9 . 13 . . . 18 7 8 2 . . . . 2 . . 2 8 . . . 2 . . Assimilate 3 | . . . . . . . 2 . . . . . . . 1 . . . . . . . . . . Botnet 23 | . 4 . 4 . . . 5 2 3 . . . . . . . . 1 3 . . . 1 . . Disrupt 1 | . . . . . . . . 1 . . . . . . . . . . . . . . . . . Operators 1 | . . . . . . . 1 . . . . . . . . . . . . . . . . . . Skim 43 | . 5 . 9 . . . 10 4 5 2 . . . . 1 . . 1 5 . . . 1 . . Fabricators . | . . . . . . . . . . . . . . . . . . . . . . . . . . Repair Stations 1 | . . . . . . . 1 . . . . . . . . . . . . . . . . . . Patch 1 | . . . . . . . 1 . . . . . . . . . . . . . . . . . . Recycling Units 2 | . . . . . . . . 1 1 . . . . . . . . . . . . . . . . Tunnel 2 | . . . . . . . . 1 1 . . . . . . . . . . . . . . . . Scanalyzers . | . . . . . . . . . . . . . . . . . . . . . . . . . . Garrison Access . | . . . . . . . . . . . . . . . . . . . . . . . . . . Data Cores Recovered 4 | . . . . . . . 1 . . . . . . . . . . . 2 . . . 1 . . Used 3 | . . . . . . . 1 . . . . . . . . . . . 1 . . . 1 . . Hacking Detections 48 | . 3 . 4 . . . 10 5 3 4 . . . . 1 . . . 8 3 . 1 5 . 1 Full Trace Events 4 | . . . . . . . 1 . . . . . . . 1 . . . . . . 1 1 . . Feedback Events . | . . . . . . . . . . . . . . . . . . . . . . . . . . Feedback Blocked 1 | . . . . . . . . . . . . . . . . . . . . . . 1 . . . Robot Schematics Acquired 5 | . . . . . . . . . . . . . 5 . . . . . . . . . . . . Robots Built . | . . . . . . . . . . . . . . . . . . . . . . . . . . Authchips . | . . . . . . . . . . . . . . . . . . . . . . . . . . Time . | . . . . . . . . . . . . . . . . . . . . . . . . . . Total Robot Build Rating . | . . . . . . . . . . . . . . . . . . . . . . . . . . Part Schematics Acquired 12 | . . . . . . . 1 . . . . . 9 . . . . . . . . . 2 . . Parts Built . | . . . . . . . . . . . . . . . . . . . . . . . . . . Authchips . | . . . . . . . . . . . . . . . . . . . . . . . . . . Time . | . . . . . . . . . . . . . . . . . . . . . . . . . . Total Part Build Rating . | . . . . . . . . . . . . . . . . . . . . . . . . . . Part Studies Acquired 3 | . . . . . . . . . . . . . . . . . . . . . . . 3 . . Parts Repaired 2 | . . . . . . . . 2 . . . . . . . . . . . . . . . . . Time 82 | . . . . . . . . 82 . . . . . . . . . . . . . . . . . Parts Recycled . | . . . . . . . . . . . . . . . . . . . . . . . . . . Recycled Matter . | . . . . . . . . . . . . . . . . . . . . . . . . . . Retrieved Matter . | . . . . . . . . . . . . . . . . . . . . . . . . . . Retrieved Components . | . . . . . . . . . . . . . . . . . . . . . . . . . . Parts Scanalyzed 3 | . . . . . . . 1 . . . . . . . . . . . . . . . 2 . . Part Schematics Acquired 3 | . . . . . . . 1 . . . . . . . . . . . . . . . 2 . . Parts Damaged 1 | . . . . . . . 1 . . . . . . . . . . . . . . . . . . Bothacking | -11 -10 -10 -9 -9 -9 -8 -8 -8 -8 -6 -6 -6 -6 -5 -5 -5 -5 -4 -4 -4 -4 -4 -3 -3 -2 ------------ Run | Yrd Mat Min Mat Min Exi Min Mat Sto Rec Fac Low Low Dat Pro Fac Upp Upp Fac Ext Cet Arc Hub Res Tes Res Used RIF Installer . | . . . . . . . . . . . . . . . . . . . . . . . . . . Robots Hacked . | . . . . . . . . . . . . . . . . . . . . . . . . . . Non-combat . | . . . . . . . . . . . . . . . . . . . . . . . . . . Combat . | . . . . . . . . . . . . . . . . . . . . . . . . . . Robot Hacks Applied . | . . . . . . . . . . . . . . . . . . . . . . . . . . Relay Couplers Released 6 | . . . . . . . . . . . . . . . . . . 3 . . . 3 . . . Machine Destruction 6 | . . . . . . . . . . . . . . . . . . 3 . . . 3 . . . Fabnet Peak Effective % . | . . . . . . . . . . . . . . . . . . . . . . . . . . Robots Rewired 21 | . . . . . . . . . 6 . . . . . . . . . 15 . . . . . . Allies Hacked . | . . . . . . . . . . . . . . . . . . . . . . . . . . Hacks Repelled . | . . . . . . . . . . . . . . . . . . . . . . . . . . Allies | -11 -10 -10 -9 -9 -9 -8 -8 -8 -8 -6 -6 -6 -6 -5 -5 -5 -5 -4 -4 -4 -4 -4 -3 -3 -2 -------- Run | Yrd Mat Min Mat Min Exi Min Mat Sto Rec Fac Low Low Dat Pro Fac Upp Upp Fac Ext Cet Arc Hub Res Tes Res Total Allies 33 | . . . . 1 . . . . 6 . . . . . . . . . 21 5 . . . . . Largest Group 13 | . . . . 1 . . . . 6 . . . . . . . . . 12 13 12 11 5 . . Highest-Rated Group 926 | . . . . 28 . . . . 60 . . . . . . . . . 622 926 830 671 331 . . Highest-Rated Ally 159 | . . . . 28 . . . . 15 . . . . . . . . . 159 159 159 96 96 . . Total Orders . | . . . . . . . . . . . . . . . . . . . . . . . . . . Ally Attacks 377 | . . . . 3 . . . . 14 . . . . . . . . . 190 33 34 81 22 . . Total Damage 11064 | . . . . 41 . . . . 93 . . . . . . . . . 5176 1322 984 2523 925 . . Kills 62 | . . . . . . . . . 1 . . . . . . . . . 30 7 3 17 4 . . Allies Corrupted 2 | . . . . . . . . . . . . . . . . . . . 1 . . . 1 . . Allies Melted 1 | . . . . . . . . . . . . . . . . . . . 1 . . . . . . Intel | -11 -10 -10 -9 -9 -9 -8 -8 -8 -8 -6 -6 -6 -6 -5 -5 -5 -5 -4 -4 -4 -4 -4 -3 -3 -2 ------- Run | Yrd Mat Min Mat Min Exi Min Mat Sto Rec Fac Low Low Dat Pro Fac Upp Upp Fac Ext Cet Arc Hub Res Tes Res Active Infowar (turns) 11614 | . . . 590 56 530 303 53 . . . 325 3147 57 . 148 729 30 356 2427 491 186 439 1457 120 170 Optics 6469 | . . . . . . . . . . . . . . . 64 729 30 356 2427 491 186 439 1457 120 170 Terrain 3493 | . . . . 56 530 303 53 . . . . 2494 57 . . . . . . . . . . . . Decoding 978 | . . . . . . . . . . . 325 653 . . . . . . . . . . . . . T.N.C. 590 | . . . 590 . . . . . . . . . . . . . . . . . . . . . . Cloaking 224 | . . . . . . . . . . . . . . . . . . 192 32 . . . . . . ECM 84 | . . . . . . . . . . . . . . . 84 . . . . . . . . . . Robot Analysis Total 2 | . . . . . . . 1 . . . . . . . . . . . 1 . . . . . . Derelict Logs Recovered 7 | . . 1 . 1 . . . . . . 1 1 . . . 2 1 . . . . . . . . Drone Launches . | . . . . . . . . . . . . . . . . . . . . . . . . . . Drone Recoveries . | . . . . . . . . . . . . . . . . . . . . . . . . . . Exploration | -11 -10 -10 -9 -9 -9 -8 -8 -8 -8 -6 -6 -6 -6 -5 -5 -5 -5 -4 -4 -4 -4 -4 -3 -3 -2 ------------- Run | Yrd Mat Min Mat Min Exi Min Mat Sto Rec Fac Low Low Dat Pro Fac Upp Upp Fac Ext Cet Arc Hub Res Tes Res Turns Passed 22560 | . 935 227 2216 595 530 303 1090 1535 2616 1175 952 3147 101 175 558 729 30 356 2427 491 186 439 1457 120 170 Spaces Moved 12356 | 1 414 120 790 343 329 84 765 726 894 640 926 1388 122 214 614 1020 58 312 977 282 65 202 904 99 67 Core 8 | . . . . . . . 8 . . . . . . . . . . . . . . . . . . Treads 2605 | . . . 324 343 329 13 . 548 653 60 . . . . . . . . 37 6 65 202 25 . . Legs 4702 | 1 414 120 466 . . 71 . . 241 84 515 1388 122 11 . . . . 474 205 . . 590 . . Wheels . | . . . . . . . . . . . . . . . . . . . . . . . . . . Hover 2096 | . . . . . . . . 6 . 496 82 . . 158 . 273 58 312 466 71 . . 141 . 33 Flight 2945 | . . . . . . . 757 172 . . 329 . . 45 614 747 . . . . . . 148 99 34 Fastest Speed 50 | 120 120 190 160 160 160 240 50 50 100 100 65 65 65 65 65 52 52 52 52 95 95 146 89 116 116 Average Speed 106 | 120 135 190 188 166 160 316 55 141 167 117 69 65 65 78 65 60 52 69 90 99 110 150 105 116 182 Slowest Speed 600 | 120 190 190 240 240 160 330 600 350 308 189 116 65 65 147 65 163 52 118 156 143 166 166 196 116 228 Overloaded Moves . | . . . . . . . . . . . . . . . . . . . . . . . . . . Propulsion Burnouts . | . . . . . . . . . . . . . . . . . . . . . . . . . . Robots Hopped 19 | . . . . . . . 8 . . . . . . . 8 . . . . . . . . 3 . Potential Cave-ins 3 | . . . . . . . . . . . . . . . 3 . . . . . . . . . . Cave-ins Triggered . | . . . . . . . . . . . . . . . . . . . . . . . . . . Exploration Rate (%) 51 | 3 51 31 65 81 61 25 61 74 88 17 87 97 77 43 19 96 18 12 87 89 79 21 29 13 4 Regions Visited 25 Branch Regions 17 Pre-discovered Areas 8 | . 1 . 2 . . . 1 1 1 . . . 1 . . . 1 . . . . . . . . Known Exits Taken 15 | . . 1 1 . . 1 1 1 1 1 1 1 . 1 . . 1 . 1 . . 1 1 1 . Unknown Exits Taken 10 | 1 1 . . 1 1 . . . . . . . 1 . 1 1 . 1 . 1 1 . . . . Scrap Searched 13 | . . 2 . 1 . . . . . . 2 3 . 1 . 4 . . . . . . . . . Spaces Dug 32 | . . . . . . . 13 . . 2 . 2 . . 11 . . . 4 . . . . . . Terrain Destroyed 537 | . 14 . 88 1 . 54 107 21 13 39 7 19 . . 11 4 . 6 52 22 1 23 38 16 1 Melee 13 | . . . . . . . . . . 2 . . . . 11 . . . . . . . . . . Projectile 145 | . . . . 1 . . 2 3 10 2 1 10 . . . 4 . 6 49 6 1 23 26 . 1 AOE 379 | . 14 . 88 . . 54 105 18 3 35 6 9 . . . . . . 3 16 . . 12 16 . Terrain Rammed . | . . . . . . . . . . . . . . . . . . . . . . . . . . Walls Destroyed . | . . . . . . . . . . . . . . . . . . . . . . . . . . Machines Disabled . | . . . . . . . . . . . . . . . . . . . . . . . . . . Actions | -11 -10 -10 -9 -9 -9 -8 -8 -8 -8 -6 -6 -6 -6 -5 -5 -5 -5 -4 -4 -4 -4 -4 -3 -3 -2 --------- Run | Yrd Mat Min Mat Min Exi Min Mat Sto Rec Fac Low Low Dat Pro Fac Upp Upp Fac Ext Cet Arc Hub Res Tes Res Total 20434 | . 687 119 1331 358 335 104 1295 1071 1907 1037 1220 3569 137 223 730 1112 57 410 2333 456 162 261 1320 99 101 Wait 6744 | . 179 . 375 3 . 7 434 163 858 364 276 2122 8 2 95 69 . 51 1109 158 90 26 346 . 9 Move 12296 | . 413 119 789 342 328 83 749 725 893 639 925 1387 121 213 599 1019 57 311 976 281 64 201 903 92 67 Hop 16 | . . . . . . . 7 . . . . . . . 6 . . . . . . . . 3 . Pick Up 128 | . 12 . 24 1 2 . 13 25 3 11 2 3 1 2 2 4 . 7 3 . . . 11 1 1 Fast Attach 12 | . 2 . 1 1 . . . 5 . . 2 . . . 1 . . . . . . . . . . Attach 48 | . 2 . 7 . . 1 4 9 1 3 . 1 . 1 1 2 . 5 1 . . . 7 . 3 Detach 10 | . . . . . . . . 1 1 . . . . 2 . 2 . . 1 . . . 3 . . Swap 99 | . 10 . 22 2 . 1 16 19 3 2 2 4 5 1 2 . . 3 4 . . 1 1 1 . Drop 124 | . 13 . 15 3 5 . 8 24 19 1 4 3 . 2 2 6 . 3 4 . . . 11 1 . Fire 695 | . 55 . 98 6 . 12 64 99 68 15 9 49 . . 10 10 . 19 76 17 8 33 38 1 8 Melee 16 | . . . . . . . . . . 2 . . 2 . 12 . . . . . . . . . . Ram . | . . . . . . . . . . . . . . . . . . . . . . . . . . Kick 1 | . 1 . . . . . . . . . . . . . . . . . . . . . . . . Crush 1 | . . . . . . . . 1 . . . . . . . . . . . . . . . . . Escape Stasis 32 | . . . . . . . . . . . . . . . . . . 11 8 . . . . . 13 Rewire 204 | . . . . . . . . . 61 . . . . . . . . . 143 . . . . . . Trap . | . . . . . . . . . . . . . . . . . . . . . . . . . . Miscellaneous 8 | . . . . . . . . . . . . . . . . . . . 8 . . . . . . Route ------- -11/Scrapyard -10/Materials (discovered 6 exits: *Mat x3 / [*Min x2] / Sub) -10/Mines (discovered 2 exits: *Mat x2) -9/Materials (discovered 4 exits: *Mat x3 / *Min) -9/Mines (discovered 4 exits: *Mat x2 / *Exi / [*Zio]) -9/Exiles -8/Mines -8/Materials (discovered 4 exits: *Fac x3 / *Sto) -8/Storage (discovered 2 exits: *Fac / *Rec) -8/Recycling -6/Factory (discovered 6 exits: Fac x4 / *Low x2) -6/Lower Caves -6/Lower Caves (discovered 2 exits: *Fac / *Dat) -6/Data Miner -5/Proximity Caves -5/Factory (discovered 3 exits: Fac x2 / *Upp) -5/Upper Caves -5/Upper Caves -4/Factory (discovered 3 exits: Res / Upp / *Ext) -4/Extension (discovered 3 exits: *Res x2 / *Cet) -4/Cetus (discovered 2 exits: *Res / *Arc) -4/Archives (discovered 2 exits: *Hub x2) -4/Hub_04(d) -3/Research (discovered 4 exits: Res x2 / *Tes x2) -3/Testing -2/Research History --------- Turn | Location | Event 1 | -11/Scrapyard | Discovered new exit (range 0) 1 | -11/Scrapyard | Entered Materials 264 | -10/Materials | Discovered new exit (range 11) 264 | -10/Materials | Discovered new exit (range 3) 311 | -10/Materials | Build established: Mutant 426 | -10/Materials | Discovered new exit (range 15) 591 | -10/Materials | Identified exit to Materials 591 | -10/Materials | Identified exit to Subcaves 648 | -10/Materials | Learned location of 3 exits from Materials 730 | -10/Materials | Learned location of Subcaves (-10) 756 | -10/Materials | Learned location of 2 exits from Materials 805 | -10/Materials | Learned Storage emergency access door positions 871 | -10/Materials | Learned Storage trap positions 916 | -10/Materials | Learned location of 2 exits from Subcaves 936 | -10/Materials | Entered Mines 1069 | -10/Mines | Learned Materials emergency access door positions 1163 | -10/Mines | Entered Materials 1163 | -9/Materials | Evolved 2 slots: Utility x2 1164 | -9/Materials | Identified exit to Materials 1164 | -9/Materials | Identified exit to Mines 1748 | -9/Materials | Build established: Scavenger-Mutant 2275 | -9/Materials | Learned location of 1 exit from Recycling 2318 | -9/Materials | Learned location of Zion (-7) 2350 | -9/Materials | Learned Storage trap positions 2391 | -9/Materials | Learned location of 1 exit from Recycling 2651 | -9/Materials | Core integrity fell below 50% 2992 | -9/Materials | Build established: Mutant 3379 | -9/Materials | Entered Mines 3501 | -9/Mines | Build established: Hacker-Mutant 3515 | -9/Mines | YI-UF0 nonchalantly dropped a Grenade Launcher on the ground 3538 | -9/Mines | Discovered exit to Materials (range 3) 3596 | -9/Mines | Discovered exit to Materials (range 13) 3757 | -9/Mines | Escorted by a lone wolf Derelict 3769 | -9/Mines | Destroyed YI-UF0 3868 | -9/Mines | A Derelict revealed a hidden shortcut to a safe place 3966 | -9/Mines | Deemed a non-threat by the Exiles lab entrance 3966 | -9/Mines | Discovered new exit (range 5) 3974 | -9/Mines | Entered Exiles 4013 | -9/Exiles | Met 8R-AWN 4040 | -9/Exiles | Met EX-HEX 4086 | -9/Exiles | Met EX-BIN 4181 | -9/Exiles | Aligned with FarCom system 4183 | -9/Exiles | Given EX-Vault access code 4221 | -9/Exiles | Opened EX-Vault 4236 | -9/Exiles | Found Flying Fortress v7 4268 | -9/Exiles | Warned to stay clear of 0b10 Research branches 4319 | -9/Exiles | Met EX-DEC 4481 | -9/Exiles | Discovered new exit (range 15) 4504 | -9/Exiles | Left Exiles lab with Flying Fortress v7 4504 | -9/Exiles | Entered Mines 4541 | -8/Mines | Destroyed 7 combat bots 4777 | -8/Mines | Discovered exit to Materials (range 7) 4800 | -8/Mines | Build established: Hacker-Skirmisher 4807 | -8/Mines | Entered Materials 4807 | -8/Materials | Evolved 2 slots: Propulsion x2 4808 | -8/Materials | Identified exit to Factory 4808 | -8/Materials | Identified exit to Storage 5128 | -8/Materials | Learned Storage emergency access door positions 5180 | -8/Materials | Build established: Hacker-Mutant 5213 | -8/Materials | Central database locked down 5217 | -8/Materials | Learned 8 Factory zone layouts 5268 | -8/Materials | Learned Factory emergency access door positions 5280 | -8/Materials | Learned Factory emergency access door positions 5332 | -8/Materials | Learned 2 Storage zone layouts 5374 | -8/Materials | Learned 4 Recycling zone layouts 5699 | -8/Materials | Learned location of 1 exit from Extension 5740 | -8/Materials | Learned 2 Storage zone layouts 5769 | -8/Materials | Learned 4 Lower Caves zone layouts 5801 | -8/Materials | Learned Factory emergency access door positions 5802 | -8/Materials | Learned Storage trap positions 5811 | -8/Materials | Learned Factory non-interactive machine intel 5897 | -8/Materials | Entered Storage 5898 | -8/Storage | Identified exit to Recycling 5900 | -8/Storage | Loaded intel: 19 trap records 6126 | -8/Storage | Repaired Minigun 6174 | -8/Storage | Repaired Gauss Rifle 6186 | -8/Storage | Met 01-MTF 6354 | -8/Storage | Found Prototype Energy Gun 6355 | -8/Storage | Identified 01-MTF's Shockpuncher 6659 | -8/Storage | Build established: Mutant 6911 | -8/Storage | Core integrity fell below 50% 7267 | -8/Storage | Discovered exit to Factory (range 13) 7432 | -8/Storage | Entered Recycling 7432 | -8/Recycling | Accompanied by 1 ally (01-MTF) 7433 | -8/Recycling | Identified exit to Factory 7433 | -8/Recycling | Identified exit to Scraptown 7850 | -8/Recycling | Learned Factory fabricator intel 7904 | -8/Recycling | Learned location of 1 exit from Storage 7918 | -8/Recycling | Learned 4 Recycling zone layouts 8483 | -8/Recycling | Scanned before Scraplab entrance 8528 | -8/Recycling | Lost 5 allies 8547 | -8/Recycling | Entered Scraplab 8885 | -8/Recycling | Angered Scraplab inhabitants 8947 | -8/Recycling | Found Prototype Device 8948 | -8/Recycling | Identified Scrap Engine 9357 | -8/Recycling | Build established: Construct 10048 | -8/Recycling | Entered Factory 10048 | -6/Factory | Evolved 4 slots: Power x1, Utility x1, Weapon x2 10049 | -6/Factory | Identified exit to Factory 10049 | -6/Factory | Identified exit to Lower Caves 10052 | -6/Factory | Loaded intel: 207 non-interactive machine locations 10053 | -6/Factory | Loaded intel: 6 fabricator locations 11223 | -6/Factory | Entered Lower Caves 11224 | -6/Lower Caves | Identified exit to Lower Caves 11420 | -6/Lower Caves | Spotted B-75 Beast 11534 | -6/Lower Caves | Destroyed B-75 Beast 11695 | -6/Lower Caves | Encountered a Warlord checkpoint 11720 | -6/Lower Caves | Learned 4 Factory zone layouts 12175 | -6/Lower Caves | Entered another Lower Caves area 12458 | -6/Lower Caves | Attracted the attention of an 0b10 checkpoint 13139 | -6/Lower Caves | Identified exit to Data Miner 15322 | -6/Lower Caves | Entered Data Miner 15322 | -6/Data Miner | Discovered new exit (range 6) 15335 | -6/Data Miner | Met Data Miner 15349 | -6/Data Miner | Learned location of Section 7 (-2) 15349 | -6/Data Miner | Acquired the access code to Warlord's prototype stash 15366 | -6/Data Miner | Received God Mode back door access code from Data Miner 15387 | -6/Data Miner | Destroyed Data Miner 15390 | -6/Data Miner | Found Prototype Hackware 15391 | -6/Data Miner | Identified Quantum Router 15397 | -6/Data Miner | Data Conduit disabled 15423 | -6/Data Miner | Entered Proximity Caves 15449 | -5/Proximity Caves | Lost 3 parts (1p1n1w) 15500 | -5/Proximity Caves | Found DCF Scrap (12 items) 15598 | -5/Proximity Caves | Entered Factory 15598 | -5/Factory | Evolved 2 slots: Propulsion x1, Utility x1 15599 | -5/Factory | Identified exit to Factory 15670 | -5/Factory | Build established: Hacker-Construct 16071 | -5/Factory | Discovered new exit (range 11) 16156 | -5/Factory | Entered Upper Caves 16234 | -5/Upper Caves | Learned location of 1 exit from Factory 16285 | -5/Upper Caves | Attracted the attention of an 0b10 checkpoint 16438 | -5/Upper Caves | Learned location of 1 exit from Factory 16486 | -5/Upper Caves | Discovered new exit (range 10) 16726 | -5/Upper Caves | Encountered a Warlord checkpoint 16885 | -5/Upper Caves | Entered another Upper Caves area 16905 | -5/Upper Caves | Learned location of Armory (-3) 16908 | -5/Upper Caves | Discovered exit to Factory (range 12) 16915 | -5/Upper Caves | Entered Factory 16915 | -4/Factory | Evolved 2 slots: Utility x2 16916 | -4/Factory | Identified exit to Research 16916 | -4/Factory | Identified exit to Upper Caves 17065 | -4/Factory | Identified exit to DSF 17229 | -4/Factory | Discovered new exit (range 20) 17271 | -4/Factory | Entered Extension 17272 | -4/Extension | Identified exit to Cetus 17677 | -4/Extension | Rescued a captive Derelict 17734 | -4/Extension | Rescued a captive Derelict 17768 | -4/Extension | Rescued A7 17769 | -4/Extension | Spotted B-86 Titan 17831 | -4/Extension | Spotted B-86 Titan 17838 | -4/Extension | Build established: Commander-Construct 17853 | -4/Extension | Destroyed B-86 Titan 17954 | -4/Extension | Lost 5 allies 17963 | -4/Extension | Rescued a captive Derelict 18025 | -4/Extension | Learned Quarantine non-interactive machine intel 18055 | -4/Extension | Learned Quarantine security intel 18074 | -4/Extension | Learned Factory emergency access door positions 18082 | -4/Extension | Rescued a captive Derelict 18083 | -4/Extension | Learned location of 3 exits from Research 18083 | -4/Extension | Rescued a captive Derelict 18094 | -4/Extension | Learned 4 Upper Caves zone layouts 18113 | -4/Extension | Learned 8 Factory zone layouts 18200 | -4/Extension | Build established: Hacker-Construct 18271 | -4/Extension | First assault squad dispatched 18533 | -4/Extension | Build established: Commander-Construct 19234 | -4/Extension | Disrupted transfer network 19521 | -4/Extension | Build established: Hacker-Construct 19698 | -4/Extension | Entered Cetus 19698 | -4/Cetus | Accompanied by 8 allies (A7) 19703 | -4/Cetus | Acquired a Cetus Manufacturing Module code from A7 19710 | -4/Cetus | Spotted Cetus Guard 19711 | -4/Cetus | Spotted Cetus Guard 19713 | -4/Cetus | Spotted Cetus Guard 19715 | -4/Cetus | Spotted Cetus Guard 19716 | -4/Cetus | Allies destroyed Cetus Guard 19721 | -4/Cetus | Destroyed Cetus Guard 19723 | -4/Cetus | Allies destroyed Cetus Guard 19727 | -4/Cetus | Allies destroyed Cetus Guard 19793 | -4/Cetus | Started Cetus Manufacturing Module 19818 | -4/Cetus | Manufactured an Enhanced Grunt 19843 | -4/Cetus | Manufactured an Enhanced Grunt 19868 | -4/Cetus | Manufactured an Enhanced Grunt 19893 | -4/Cetus | Manufactured an Enhanced Grunt 19918 | -4/Cetus | Manufactured an Enhanced Grunt 19933 | -4/Cetus | Escorted A7 to Cetus Mainframe 20033 | -4/Cetus | Discovered new exit (range 21) 20056 | -4/Cetus | Spotted Cetus Guard 20056 | -4/Cetus | Spotted Cetus Guard 20064 | -4/Cetus | Spotted Cetus Guard 20064 | -4/Cetus | Spotted Cetus Guard 20070 | -4/Cetus | Allies destroyed Cetus Guard 20073 | -4/Cetus | Discovered exit to Research (range 22) 20078 | -4/Cetus | Allies destroyed Cetus Guard 20083 | -4/Cetus | Destroyed Cetus Guard 20086 | -4/Cetus | Destroyed Cetus Guard 20099 | -4/Cetus | Met Revision 17 20135 | -4/Cetus | Build established: Commander-Construct 20189 | -4/Cetus | Entered Archives 20189 | -4/Archives | Accompanied by 12 allies (A7) 20194 | -4/Archives | Received a hacking code to weaken MAIN.C 20227 | -4/Archives | Discovered new exit (range 22) 20234 | -4/Archives | Discovered new exit (range 19) 20243 | -4/Archives | Unable to access archive contents 20375 | -4/Archives | Entered Hub_04(d) 20375 | -4/Hub_04(d) | Accompanied by 11 allies 20547 | -4/Hub_04(d) | Lost 4 allies 20625 | -4/Hub_04(d) | First assault squad dispatched 20677 | -4/Hub_04(d) | Discovered exit to Research (range 3) 20814 | -4/Hub_04(d) | Entered Research 20814 | -3/Research | Accompanied by 5 allies 20814 | -3/Research | Evolved 2 slots: Weapon x2 20815 | -3/Research | Identified exit to Research 20815 | -3/Research | Identified exit to Testing 20825 | -3/Research | Build established: Hacker-Construct 21037 | -3/Research | Revision forces began assault on 0b10 21044 | -3/Research | Met up with Revision 17++ 21537 | -3/Research | Research terminal network offline 21912 | -3/Research | Spotted Striker 21913 | -3/Research | Spotted Striker 21913 | -3/Research | Spotted Striker 21920 | -3/Research | Spotted Executioner 21934 | -3/Research | Destroyed Executioner 21952 | -3/Research | Lost 4 allies 22226 | -3/Research | Discovered exit to Testing (range 7) 22271 | -3/Research | Entered Testing 22272 | -3/Testing | Maximum security lockdown engaged 22347 | -3/Testing | Spotted PD-AMBSC7YK0I 22351 | -3/Testing | Protovariant out of control (PP-KMDTD7JQD1) 22373 | -3/Testing | Discovered exit to Research (range 3) 22386 | -3/Testing | Found Prototype Energy Gun 22391 | -3/Testing | Entered Research 22391 | -2/Research | Evolved 2 slots: Utility x2 22421 | -2/Research | Lost 5 parts (1p1n3w) 22475 | -2/Research | Identified Hyp. EM Gauss Rifle 22514 | -2/Research | Garrison activated, responded to threat 22561 | -2/Research | Self-destructed Last Messages --------------- local area. 22529_ ALERT: All DSF locations entering lockdown mode. 22531_ HV-EM Slug penetrates Wall. 22535_ HV-EM Slug penetrates Y-72 Warden. 22541_ Penetrated by Slug. 22543_ HV-EM Slug penetrates Y-72 Warden. 22544_ Y-72 Warden system terminally corrupted. 22544_ Adv. Heat Sink melted. 22544_ Adv. Heat Sink fried. 22548_ Slug penetrates Wall. 22551_ U-05 Engineer builds a Wall. 22556_ HV-EM Slug penetrates B-74 Champion. 22556_ HV-EM Slug penetrates Wall. 22558_ Slug penetrates Wall. 22558_ Coolant Network destroyed. 22559_ Hyp. EM Gauss Rifle destroyed. 22559_ Particle-Antimatter Reactor destroyed. 22559_ Arm. Scrap Engine damaged due to network destabilization (-7). 22559_ System corrupted by crushing effect (+1). 22559_ System corrupted by crushing effect (+3). Map ----- +----------------------------------------------------+ | ?????????????????????????????????????????????????? | | ?????????????????????????????????????????????????? | | ?????????????????????????????????????????????????? | | ?????????????????????????????????????????????????? | | ?????????????????????????????????????????????????? | | ?????????????????????????????????????????????????? | | ?????????????????????????????????????????????????? | | ?????????????????????????????????????????????????? | | ?????????????????????????????????????????????????? | | ?????????????????????????????????????????????????? | | ?????????????????????????????????????????????????? | | ?????????????????????????????????????????????????? | | ?????????????????????????????????????????????????? | | ?????????????????????????????????????????????????? | | ?????????????????????????????????????????????????? | | ?????????????????????????????????????????????????? | | ???????????????????????????Y?????????????????????? | | ??????????????????????????????????#######????????? | | ??????????????????????????????C??? #????????? | | ?????????????????????????????????? #????????? | | ??????????????????????????????????? #????????? | | ??????????????????????????????h???? +????????? | | ???????????????????????????????????# #????????? | | ???????????????????????############# #????????? | | ???????????????????????# """ # #????????? | | ???????# ?????????????## @ ""T"" # #????????? | | ???????+ #####bg "" "" # #????????? | | ???????# !g= hg # #????????? | | ???????# ##### + #????????? | | ???????# ?????##???????# # #????????? | | ???????????????????????# #^ ^########## | | ???????????????????????########+#### ^^ # # | | ???????????????????????????## ? ??# # # | | ???????????????????????????? ? #?# # """" # | | ????????????????????????????# #?# # """" # | | ????????????????????????????+ #?# + """" # | | ????????????????????????????# #?# # """" # | | ????????????????????????????# #?# # """" # | | ????????????????????????????# ### # # | | ????????????????????????????# # # | | ????????????????????????????+ ########## | | ????????????????????????????# #????????? | | ????????????????????????????# #????????? | | ????????????????????????????# #????????? | | ????????????????????????????# """ #??####### | | ????????????????????????????# """ #? | | ????????????????????????????# """ #? | | ????????????????????????????# # | | ????????????????????????????# # """ | | ????????????????????????????# + """ | +----------------------------------------------------+ Best States ------------- Heat Dissipation 139 Energy Generation 58 Energy Capacity 1514 Matter Stores 300 Matter Capacity 300 Sight Range 23 Terrain Scan Range 20 Terrain Scan Density 135 ECM Strength 2 Cloak Strength 3 Power Amplification 40 Base Temperature (-) 200 Armor Coverage 150 Evasion (%) 65 Targeting Accuracy 28 Target Analysis 6 Recoil Reduction 4 Salvage Targeting 2 Offensive Hacking 20 Defensive Hacking 37 Item Schematics ----------------- Adv. Beam Cannon | -8/Materials | Scanalyzed Heavy Servo Lattice | -6/Data Miner | Free Adv. Datajack | -6/Data Miner | Free Nanoactuators | -6/Data Miner | Free Hvy. Siege Treads | -6/Data Miner | Free Neutron Cannon | -6/Data Miner | Free Exp. Heat Sink | -6/Data Miner | Free Cld. Gravmag System | -6/Data Miner | Free Lgt. Regenerative Plating | -6/Data Miner | Free Combat Drone Bay | -6/Data Miner | Free Centrium Light Armor Plating | -3/Research | Scanalyzed Exp. Power Amplifier | -3/Research | Scanalyzed Robot Schematics ------------------ M-22 Extractor | -6/Data Miner | Free B-48 Gladiator | -6/Data Miner | Free A-15 Conveyor | -6/Data Miner | Free X-72 Disruptor | -6/Data Miner | Free M-36 Artificer | -6/Data Miner | Free Fabricated ------------ Nothing Repaired ---------- Minigun | 77% | -8/Storage Gauss Rifle | 37% | -8/Storage Studied --------- Adv. Datajack | -3/Research | Hacked Proton Missile Launcher | -3/Research | Hacked Adv. Remote Datajack | -3/Research | Hacked Alien Tech Used ----------------- None Achievements -------------- For Science! Frienemies Challenges ------------ None Game ------ Seed CoolantAccelerationTendrils Manual? 0 Play Time 02:41:46 Cumulative 176.2 hours Start 2026.01.25 @ 16:29:29 End 2026.02.05 @ 04:52:19 Sessions 14 Manual Loads 0 Difficulty Rogue Special Mode None Game No. 194 Rogue 179 Adventurer 15 Explorer 0 Win Type - Total 9 Types 3/0/3/1/0/0/1/0/0/1 Lore% 55 Gallery% 71 Achievement% 55 Wizard Run 0 Options --------- Layout 0 ASCII 0 Keyboard 0 Movement Mouse Keybinds 0 Fullscreen 2 Font 36/Smallcaps Map View 76x50 Zoom Use 0% Tactical HUD 1 Map Filters NONE Filters NONE Steam 1 RUN: a46b4da7-aaf4-41c9-b564-bc0b55993fb8